 Dungeon Crawl Stone Soup version 0.31-a0-1589-g8f5e8aebd6 (webtiles) character file.

Game seed: 4269514246911354662

56 Flugslaktarn the Apothecary (level 3, -1/21 HPs)
             Began as an Octopode Alchemist on Jan 5, 2024.
             Slain by an orc wizard
             ... wielding a +0 dagger
              (4 damage)
             ... on level 4 of the Dungeon.
             The game lasted 00:01:22 (529 turns).

Flugslaktarn the Apothecary (Octopode Alchemist)     Turns: 529, Time: 00:01:22

Health: -1/21      AC:  3    Str:  7    XL:     3   Next: 97%
Magic:  0/7        EV: 13    Int: 19    God:
Gold:   61         SH:  0    Dex: 12    Spells: 6/7 levels left

rFire   . . .        f - +0 dagger
rCold   . . .        (no shield)
rNeg    . . .        (helmet restricted)
rPois   +            (no amulet)
rElec   .            o - ring of poison resistance
rCorr   .            (no ring)
SInv    .            (no ring)
Will    .....        (no ring)
Stlth   +++          (no ring)
HPRegen 0.23/turn    (no ring)
MPRegen 0.10/turn    (no ring)
                     (no ring)

%: no passive effects
@: no status effects
A: almost no armour, amphibious, 8 rings, camouflage 1, gelatinous body 1,
(nimble swimmer 1), tentacles, iridescent scales 1, sense surroundings 1,
screaming 1
a: no special abilities


You were on level 4 of the Dungeon.
You visited 1 branch of the dungeon, and saw 4 of its levels.

You collected 61 gold pieces.

Inventory:

Hand Weapons
 f - a +0 dagger (weapon)
   (You took it off a goblin on level 2 of the Dungeon)
Jewellery
 o - a ring of poison resistance (left tentacle)
   (You found it on level 1 of the Dungeon)
Scrolls
 b - 4 scrolls of identify {unknown}
 i - a scroll of poison {unknown}
Potions
 d - a potion of haste {unknown}
 e - a potion of mutation
 g - a potion of might {unknown}
 h - a potion of brilliance {unknown}


   Skills:
 - Level 2.0 Dodging
 - Level 2.6 Stealth
 + Level 2.7 Spellcasting
 - Level 1.0 Conjurations
 * Level 4.6 Alchemy


You had 6 spell levels left.
You knew the following spells:

 Your Spells              Type           Power      Damage    Failure   Level
a - Sting                 Conj/Alch      52%        1d6       4%          1

Your spell library contained the following spells:

 Spells                   Type           Power      Damage    Failure   Level
 Mercury Vapours          Alch/Air       22%        N/A       9%          2
 Mephitic Cloud           Conj/Alch/Air  9%         N/A       22%         3
 Olgreb's Toxic Radiance  Alch           20%        N/A       22%         4
 Sticky Flame             Fire/Alch      11%        2d5       52%         4


Dungeon Overview and Level Annotations

Branches:
Dungeon (4/15)
 Temple: D:4-7

Altars:


Innate Abilities, Weirdness & Mutations

You cannot wear most types of armour.
You are amphibious.
You can wear up to eight rings at the same time.
Your skin changes colour to match your surroundings (Stealth+).
Your rubbery body absorbs attacks. (AC +1, EV +1)
((You are camouflaged when in or above water. (Stealth+)))
You have tentacles for arms and can constrict up to eight enemies at once.
You are partially covered in iridescent scales. (AC +2)
You passively map a small area around you.
You occasionally shout uncontrollably at your foes.


Message History

Confirm with . or Enter, or press ? or * to list all spells.
You don't have enough magic to cast this spell.
Unknown command.
You barely miss the ribbon worm. You grab the ribbon worm.
You tentacle-slap the ribbon worm. You squeeze the ribbon worm.
You kill the ribbon worm!
Things that are here:
a +0 club; a +0 leather armour; an orc corpse
There is a stone staircase leading down here.
You climb downwards.
The orc closely misses you. x2
There is a stone staircase leading up, spattered with blood here.
The orc misses you. The orc attacks as it pursues you!
The orc hits you with a +0 hand axe.
* * * LOW HITPOINT WARNING * * *
It was a potion of mutation.
You feel extremely strange.
You feel the urge to shout.
Iridescent scales grow over part of your body.
You feel a strange attunement to the structure of the dungeons.
The orc misses you. x2
Unknown command.
Okay, then.
It was a potion of curing.
You feel better. The orc barely misses you. The orc completely misses you.
Unknown command.
The orc attacks as it pursues you! The orc hits you with a +0 hand axe.
The orc attacks as it pursues you! The orc closely misses you.
The orc attacks as it pursues you! The orc hits you but does no damage.
The orc attacks as it pursues you! The orc barely misses you.
The orc attacks as it pursues you! The orc closely misses you.
Magic courses through your body. The orc hits you with a +0 hand axe.
Casting: Sting (safe; 4% risk of failure)
Confirm with . or Enter, or press ? or * to list all spells.
Aiming: Sting (safe; 4% risk of failure)
Press: ? - help, Shift-Dir - straight line, f - orc
Aim: an orc, wielding a +0 hand axe (71% to hit)
The sting misses the orc.
The sting hits the orc but does no damage.
The orc is poisoned.
The orc misses you.
Casting: Sting (safe; 4% risk of failure)
Confirm with . or Enter, or press ? or * to list all spells.
Aiming: Sting (safe; 4% risk of failure)
Press: ? - help, Shift-Dir - straight line, f/p - orc
Aim: an orc, wielding a +0 hand axe (71% to hit)
The sting misses the orc.
The sting hits the orc.
The orc looks even sicker.
The orc is moderately wounded.
The orc hits you with a +0 hand axe.
* * * LOW HITPOINT WARNING * * *
Casting: Sting (safe; 4% risk of failure)
Confirm with . or Enter, or press ? or * to list all spells.
Aiming: Sting (safe; 4% risk of failure)
Press: ? - help, Shift-Dir - straight line, f/p - orc
Aim: an orc, wielding a +0 hand axe (71% to hit)
The sting hits the orc.
The orc is poisoned.
The orc is lightly wounded.
The orc hits you but does no damage.
Casting: Sting (safe; 4% risk of failure)
Confirm with . or Enter, or press ? or * to list all spells.
Aiming: Sting (safe; 4% risk of failure)
Press: ? - help, Shift-Dir - straight line, f/p - orc
Aim: an orc, wielding a +0 hand axe (lightly wounded, poisoned, 71% to hit)
The sting hits the orc.
The orc looks even sicker.
The orc is heavily wounded.
The orc misses you.
Casting: Sting (safe; 4% risk of failure)
Confirm with . or Enter, or press ? or * to list all spells.
Aiming: Sting (safe; 4% risk of failure)
Press: ? - help, Shift-Dir - straight line, f/p - orc
Aim: an orc, wielding a +0 hand axe (heavily wounded, very poisoned, 71% to hit)
The sting misses the orc.
The sting hits the orc wizard.
The orc wizard is poisoned.
The orc wizard is moderately wounded.
The orc hits you with a +0 hand axe.
* * * LOW HITPOINT WARNING * * *
Casting: Sting (safe; 4% risk of failure)
Confirm with . or Enter, or press ? or * to list all spells.
Aiming: Sting (safe; 4% risk of failure)
Press: ? - help, Shift-Dir - straight line, f/p - orc
Aim: an orc, wielding a +0 hand axe (heavily wounded, very poisoned, 71% to hit)
The sting misses the orc.
The sting hits the orc wizard.
The orc wizard looks even sicker.
The orc wizard is moderately wounded.
You kill the orc!
Casting: Sting (safe; 4% risk of failure)
Confirm with . or Enter, or press ? or * to list all spells.
Aiming: Sting (safe; 4% risk of failure)
Press: ? - help, Shift-Dir - straight line, f - orc wizard
Aim: an orc wizard, wielding a +0 dagger and wearing a +0 robe (moderately wounded, very poisoned, 64% to hit)
The sting hits the orc wizard but does no damage.
The orc wizard looks even sicker.
The orc wizard is moderately wounded.
You kill the orc!
The orc wizard hits you but does no damage.
Casting: Sting (safe; 4% risk of failure)
Confirm with . or Enter, or press ? or * to list all spells.
Aiming: Sting (safe; 4% risk of failure)
Press: ? - help, Shift-Dir - straight line, f/p - orc wizard
Aim: an orc wizard, wielding a +0 dagger and wearing a +0 robe (heavily wounded, very poisoned, 64% to hit)
The sting misses the orc wizard.
The orc wizard hits you with a +0 dagger.
You die...

................#..#...
.............[..#.## ,.
................#.# , ,
#...............#.###..
, #......†.......#.....
#.#.....<.......).# *
#.#[...#########.##
#.##.#.# #o# * *
#......##### #@# , ,
#..........# #.#
.....#####.#####.#, ,
......#........#..,,
........##.###.###
......####.###.## *
.....####.......#
....<......###).#*
.#...####.###...#


You could see an orc wizard (very poisoned).

Vanquished Creatures
  2 adders
  A ribbon worm (D:3)
  4 orcs
  4 bats
  4 endoplasms
  3 giant cockroaches
  2 goblins
  2 hobgoblins
  2 jackals (D:2)
  2 ball pythons (D:1)
  3 rats (D:1)
29 creatures vanquished.

Notes
Turn   | Place    | Note
-------+----------+-------------------------------------------
     0 | D:1      | Flugslaktarn the Octopode Alchemist began the quest for the
                  | Orb.
     0 | D:1      | Reached XP level 1. HP: 11/11 MP: 3/3
    94 | D:1      | Reached XP level 2. HP: 17/17 MP: 3/5
   232 | D:2      | Reached skill level 4 in Alchemy
   232 | D:2      | Reached XP level 3. HP: 18/21 MP: 1/6
   510 | D:4      | HP: 1/21 [orc/+0 hand axe (4)]
   512 | D:4      | Gained mutation: You occasionally shout uncontrollably at
                  | your foes. [potion of mutation]
   512 | D:4      | Gained mutation: You are partially covered in iridescent
                  | scales. (AC +2) [potion of mutation]
   512 | D:4      | Gained mutation: You passively map a small area around you.
                  | [potion of mutation]
   529 | D:4      | Slain by an orc wizard

Illustrated notes

Levels and vault maps discovered:
D:1:      wander_arrival_estate, layout_basic
D:2:      layout_loops_ring, uniq_robin
D:3:      layout_loops_ring, yredelemnul_forgotten_temple_becter,
          amcnicky_altar_gilded, tso_oasis_becter
D:4:      layout_loops_cross, kiku_gazebo_garden_becter, lemuel_crystal_altar,
          minmay_temple_entry_grid, serial_shops, nicolae_shop_drivethru,
          chequers_serial_rivers_micro_a, saegor_snake_ambush,
          uniq_blork_the_orc, uniq_eustachio, uniq_pikel

Skill      XL: |  1  2 |
---------------+-------+-----
Alchemy        | 4 |  4.6
Dodging        | |  2.0
Stealth        | |  2.6
Spellcasting   | |  2.7
Conjurations   | |  1.0

Action                     || total
---------------------------++-------
  Melee: Unarmed           ||    19
         Tentacles         ||     9
         Constrict         ||     7
         Dagger            ||    13
         Punch             ||     1
   Cast: Sting             ||    43
    Use: Potion            ||     3
   Stab: Sleeping          ||     1
 Armour: Skin              ||    33
  Dodge: Dodged            ||    31

Table legend: (Time is in decaauts)
 A = Elapsed time spent in this place.
 B = Non-inter-level travel time spent in this place.
 C = Inter-level travel time spent in this place.
 D = Time resting spent in this place.
 E = Time spent auto-exploring this place.
 F = Levels seen in this place.
 G = Mean time per level.
                   A        B        C        D        E       F      G
               +--------+--------+--------+--------+--------+-----+--------+
         Total |    527 |    519 |      8 |      0 |    206 |   4 |  131.8 |
       Dungeon |    527 |    519 |      8 |      0 |    206 |   4 |  131.8 |
               +--------+--------+--------+--------+--------+-----+--------+

Top non-repeatable levels by time:
     D:2: 213 daAuts
     D:1: 159 daAuts
     D:4: 84 daAuts
     D:3: 70 daAuts
